 Dungeon Crawl Stone Soup version 0.31-a0-986-g5e6e4ef867 (webtiles) character file.

Game seed: 15310477535873627369

841 mandarbmax the Fighter (level 8, -17/92 HPs)
             Began as an Ogre Monk on Nov 14, 2023.
             Was a Follower of Okawaru.
             Demolished by Duvessa
             ... wielding a +0 short sword
              (20 damage)
             ... on level 4 of the Dungeon.
             The game lasted 00:08:01 (4343 turns).

mandarbmax the Fighter (Ogre Monk)                  Turns: 4343, Time: 00:08:02

Health: -17/92     AC:  3    Str: 18    XL:     8   Next: 0%
Magic:  10/10      EV: 10    Int: 11    God:    Okawaru [*.....]
Gold:   219        SH:  0    Dex: 11    Spells: 7/7 levels left

rFire   + . .        a - +0 mace
rCold   + . .        d - orb {light}
rNeg    . . .        o - +0 robe {rC+}
rPois   .            (helmet restricted)
rElec   .            (no cloak)
rCorr   .            (gloves unavailable)
SInv    .            (boots unavailable)
Will    .....        (no amulet)
Stlth   +            (no ring)
HPRegen 0.35/turn    e - ring of protection from fire
MPRegen 0.12/turn

%: no passive effects
@: glowing
A: large, unfitting armour, tough skin 1
a: Renounce Religion, Heroism


You were on level 4 of the Dungeon.
You worshipped Okawaru.
Okawaru was aware of your devotion.
You visited 1 branch of the dungeon, and saw 5 of its levels.

You collected 315 gold pieces.
You spent 96 gold pieces at shops.

Inventory:

Hand Weapons
 a - a +0 mace (weapon)
Missiles
 c - a throwing net
 l - 16 stones
 p - a boomerang (quivered)
Armour
 d - an orb of light (worn)
 o - a +0 robe of cold resistance (worn)
Jewellery
 e - a ring of protection from fire (right hand)
Wands
 b - a wand of paralysis (5)
 q - a wand of roots (11)
Scrolls
 f - a scroll of enchant weapon {unknown}
 g - 3 scrolls of identify {unknown}
 h - 3 scrolls of fog {unknown}
 i - 2 scrolls of revelation {unknown}
 j - a scroll of brand weapon {unknown}
 k - a scroll of noise {unknown}
 m - 2 scrolls of teleportation {unknown}
 n - a scroll of silence {unknown}
 t - a scroll of fear
 u - a scroll of enchant armour {unknown}
 v - a scroll of amnesia {unknown}
Potions
 s - a potion of magic {unknown}


   Skills:
 + Level 9.2 Fighting
 - Level 4.0 Maces & Flails
 + Level 3.1 Throwing
 - Level 3.0 Dodging
 + Level 3.5 Invocations


You had 7 spell levels left.
You didn't know any spells.
Your spell library contained the following spells:

 Spells                   Type           Power      Damage    Failure   Level
 Sandblast                Erth           0%         2d4       34%         1
 Shock                    Conj/Air       0%         1d3       34%         1
 Ensorcelled Hibernation  Hex/Ice        0%         N/A       47%         2
 Passwall                 Tmut/Erth      0%         N/A       47%         2
 Stone Arrow              Conj/Erth      0%         3d7       71%         3
 Swiftness                Air            0%         N/A       71%         3
 Airstrike                Air            0%         2d(0-16)  98%         4
 Brom's Barrelling Bould  Conj/Erth      0%         2d3       98%         4
 Summon Forest            Summ/Tloc      Unusable   N/A       N/A         5
 Summon Mana Viper        Hex/Summ       Unusable   N/A       N/A         5
 Summon Cactus Giant      Summ           Unusable   N/A       N/A         6

Dungeon Overview and Level Annotations

Branches:
Dungeon (5/15)
 Temple: D:4-7

Altars:
Ashenzari
Okawaru

Shops:
D:3 :   D:4 [:   D:5 ?

Annotations:
D:4 Duvessa


Innate Abilities, Weirdness & Mutations

You are too large for most types of armour.
You have tough skin. (AC +1)


Message History

Unknown command.
Unknown command.
Aiming: Paralyse
Press: ? - help, Shift-Dir - straight line, f/p - Duvessa
Aim: Duvessa, wielding a +0 short sword and wearing a +0 chain mail (moderately wounded, berserk, haloed, chance to affect: 31%) Duvessa suddenly stops moving!
You feel like a meek peon again.
Unknown command.
The helpless Duvessa fails to defend herself.
You hit Duvessa but do no damage.
Duvessa is moderately wounded.
The helpless Duvessa fails to defend herself.
You hit Duvessa but do no damage.
Duvessa is moderately wounded.
The helpless Duvessa fails to defend herself.
You sock Duvessa!
Duvessa is heavily wounded.
The helpless Duvessa fails to defend herself.
You hit Duvessa.
Duvessa is heavily wounded.
The helpless Duvessa fails to defend herself.
You hit Duvessa.
Duvessa is heavily wounded.
The helpless Duvessa fails to defend herself.
You hit Duvessa.
Duvessa is severely wounded.
Duvessa is no longer paralysed.
Duvessa closely misses you. x2
You hit Duvessa.
Duvessa is severely wounded.
Duvessa hits you with a +0 short sword.
* * * LOW HITPOINT WARNING * * *
Duvessa hits you with a +0 short sword!
* * * LOW HITPOINT WARNING * * *
Unknown command.
You sock Duvessa!
Duvessa is almost dead.
Duvessa hits you with a +0 short sword!
* * * LOW HITPOINT WARNING * * *
Duvessa hits you with a +0 short sword!!
You die...

........................###....#.
.....#####)..###...........#...#.
.....#...'...# #...........#...#.
....##.≈≈#...# #............##.#.
....##.≈##..####..####...........
#...#≈≈≈##..........##.....######
##..#####..#####..#.##.....###
.###'#.......###.##.##.......#
..##.#....##....@##<##'##....#
...##'....+.....e.......#....####
♣...##....#########.#...#........
.)..#.....#########'#...#........
♣)..#.....#......)...)######.....
...##.....#.....†.....# #.....
..##......#...^.......# #.....
.##...#####...........# #.....
##....# #...........# #.....


You could see Duvessa (berserk).

Vanquished Creatures
  Eustachio (D:4)
  Edmund (D:5)
  A centaur (D:5)
  A phantom (D:4)
  Dowan (D:5)
  3 jellies
  A howler monkey (D:4)
  2 hounds
  Ijyb (D:5)
  8 adders
  A worm (D:2)
  3 dart slugs
  7 orcs
  11 ball pythons
  2 bats (D:2)
  3 endoplasms
  2 giant cockroaches
  4 goblins
  5 hobgoblins
  4 quokkas
  2 frilled lizards
  6 kobolds
  5 rats
75 creatures vanquished.

Notes
Turn   | Place    | Note
-------+----------+-------------------------------------------
     0 | D:1      | mandarbmax the Ogre Monk began the quest for the Orb.
     0 | D:1      | Reached XP level 1. HP: 24/24 MP: 1/1
   162 | D:1      | Reached XP level 2. HP: 32/32 MP: 2/2
   937 | D:2      | Reached XP level 3. HP: 36/38 MP: 3/3
  1182 | D:2      | Reached skill level 5 in Fighting
  1387 | D:2      | Reached XP level 4. HP: 43/50 MP: 4/4
  1706 | D:3      | Found Ziytump's Book Boutique.
  2016 | D:3      | Reached XP level 5. HP: 59/59 MP: 5/5
  2146 | D:3      | Reached skill level 6 in Fighting
  2201 | D:4      | Noticed Eustachio
  2214 | D:4      | Killed Eustachio
  2215 | D:4      | Reached skill level 7 in Fighting
  2215 | D:4      | Reached XP level 6. HP: 51/71 MP: 6/6
  2325 | D:4      | Found a broken altar of Ashenzari.
  2379 | D:4      | Found Oggaloke's Book Boutique.
  2544 | D:4      | Found an iron altar of Okawaru.
  2599 | D:4      | Became a worshipper of Warmaster Okawaru
  2599 | D:4      | Reached * piety under Okawaru
  2599 | D:4      | Reached ** piety under Okawaru
  2670 | D:4      | Reached skill level 8 in Fighting
  2670 | D:4      | Reached skill level 1 in Throwing
  2670 | D:4      | Reached skill level 1 in Invocations
  2759 | D:4      | HP: 2/72 [acid (5)]
  2763 | D:4      | Reached XP level 7. HP: 4/81 MP: 5/8
  3243 | D:4      | Found Veekk's Antique Armour Shoppe.
  3252 | D:4      | Bought an embroidered robe for 96 gold pieces
  3439 | D:5      | Entered Level 5 of the Dungeon
  3439 | D:5      | Noticed Duvessa
  3439 | D:5      | Noticed Dowan
  3439 | D:5      | Found Ybah Waa's Magic Scroll Boutique.
  3908 | D:5      | Noticed Edmund
  3923 | D:5      | Killed Edmund
  3924 | D:5      | Reached skill level 9 in Fighting
  4077 | D:5      | Noticed Ijyb
  4082 | D:5      | Paralysed by Ijyb for 2 turns
  4098 | D:5      | Killed Ijyb
  4324 | D:5      | Killed Dowan
  4325 | D:5      | Reached XP level 8. HP: 82/92 MP: 7/10
  4343 | D:4      | HP: 3/92 [Duvessa/+0 short sword (11)]
  4343 | D:4      | Demolished by Duvessa

Illustrated notes

Levels and vault maps discovered:
D:1:      heliophobic_arrival_glass_houses, layout_basic, serial_forest,
          infiniplex_forest_clump_curved, infiniplex_forest_end_2,
          infiniplex_forest_clump_tiny, infiniplex_forest_clump_large,
          infiniplex_forest_zigzag_1
D:2:      layout_loops_ring
D:3:      layout_rooms, serial_shops, shop, kennysheep_generic_room_13
D:4:      layout_basic, marbit_many_paths, evilmike_ruin_ashenzari,
          serial_shops, nicolae_shop_peninsula, minmay_misc_feat_columns,
          kennysheep_nondescript, kennysheep_diamond, uniq_eustachio
D:5:      layout_rooms, gammafunk_temple_overflow_forgotten,
          lightli_temple_of_fire, serial_shops, shop, minmay_stone_trees_medium,
          uniq_edmund, uniq_ijyb, uniq_duvessa

Skill      XL: |  1  2  3  4  5  6  7 |
---------------+----------------------+-----
Maces & Flails | 3 4 |  4.0
Dodging        | 3 |  3.0
Fighting       | 5 7 8 9 |  9.2
Throwing       | 1 3 |  3.1
Invocations    | 1 3 |  3.5

Action                     |  1- 3 |  4- 6 |  7- 9 || total
---------------------------+-------+-------+-------++-------
  Melee: Mace              |    80 |   125 |    59 ||   264
  Throw: Stone             |       |    12 |    10 ||    22
         Boomerang         |       |    16 |    14 ||    30
 Invoke: Heroism           |       |     1 |     4 ||     5
  Evoke: Wand              |       |     2 |    12 ||    14
    Use: Potion            |       |     3 |     1 ||     4
         Scroll            |       |       |     1 ||     1
   Stab: Paralysed         |       |       |     6 ||     6
 Armour: Robe              |    59 |    96 |    64 ||   219
  Dodge: Dodged            |    29 |    61 |    23 ||   113

Table legend: (Time is in decaauts)
 A = Elapsed time spent in this place.
 B = Non-inter-level travel time spent in this place.
 C = Inter-level travel time spent in this place.
 D = Time resting spent in this place.
 E = Time spent auto-exploring this place.
 F = Levels seen in this place.
 G = Mean time per level.
                   A        B        C        D        E       F      G
               +--------+--------+--------+--------+--------+-----+--------+
         Total |   4402 |   4220 |    182 |    662 |   2818 |   5 |  880.4 |
       Dungeon |   4402 |   4220 |    182 |    662 |   2818 |   5 |  880.4 |
               +--------+--------+--------+--------+--------+-----+--------+

Top non-repeatable levels by time:
     D:4: 1550 daAuts
     D:2: 881 daAuts
     D:3: 875 daAuts
     D:1: 692 daAuts
     D:5: 402 daAuts
